 Dungeon Crawl Stone Soup version 0.30-a0-859-gf88a04b62d (webtiles) character file.

Game seed: 13460325076064526301

49 jimonade the Magician (level 4, -1/33 HPs)
             Began as a Djinni Warper on Mar 6, 2023.
             Slain by an orc
             ... wielding a +0 hand axe
              (4 damage)
             ... on level 2 of the Dungeon.
             The game lasted 00:01:42 (1344 turns).

jimonade the Magician (Djinni Warper)               Turns: 1344, Time: 00:01:42

Health: -1/33      AC:  9    Str: 12    XL:     4   Next: 1%
Gold:   89         EV:  5    Int: 14    God:
                   SH:  0    Dex: 13

rFire   + + .      SeeInvis .    a - +0 spear
rCold   x . .      Faith    .    (no shield)
rNeg    . . .      Spirit   .    f - +0 chain mail
rPois   ∞          Reflect  .    (no helmet)
rElec   .          Rampage  .    (no cloak)
rCorr   .                        i - +0 pair of gloves
Will    .....                    (boots unavailable) Stlth
                                 (no amulet)
HPRegen 0.25/turn                (no ring)
MPRegen 0.00/turn                (no ring)

@: flying
A: sickness immunity, fire resistance 2, cold vulnerability 1, float, innate
caster, HP casting, extra vitality 1
a: no special abilities


You were on level 2 of the Dungeon.
You visited 1 branch of the dungeon, and saw 2 of its levels.

You collected 89 gold pieces.

Inventory:

Hand Weapons
 a - a +0 spear (weapon)
Missiles
 d - 7 boomerangs of dispersal (quivered)
 e - 5 poisoned darts
Armour
 b - a +0 leather armour
 f - a +0 chain mail (worn)
 i - a +0 pair of gloves (worn)
Scrolls
 c - a scroll of blinking
 h - 3 scrolls of identify {unknown}
 j - a scroll of vulnerability {unknown}
Potions
 g - 2 potions of attraction {unknown}
 k - a potion of heal wounds {unknown}


   Skills:
 - Level 2.0 Fighting
 + Level 2.4 Polearms
 - Level 0.7 Throwing
 - Level 1.0 Armour
 - Level 2.1 Dodging
 + Level 3.1 Spellcasting


You knew the following spells:

 Your Spells              Type           Power      Damage    Failure   Level
a - Blink                 Tloc           22%        N/A       98%         2
b - Lesser Beckoning      Tloc           22%        N/A       98%         2
c - Vhi's Electric Charg  Tloc/Air       22%        N/A       100%        3
d - Teleport Other        Tloc           11%        N/A       100%        3
e - Manifold Assault      Tloc           11%        N/A       100%        4
f - Kiss of Death         Conj/Necr      44%        2d8       95%         1
Your spell library was empty.

Dungeon Overview and Level Annotations

Branches:
Dungeon (2/15)

Altars:

Annotations:
D:2 Jessica


Innate Abilities, Weirdness & Mutations

You are immune to sickness and miasma.
You are immune to poison.
Your flesh is very heat resistant. (rF++)
You are vulnerable to cold. (rC-)
You float through the air rather than walking.
You learn spells naturally, not from books.
Your magical power is your life essence.
You have superior vitality. (+4 MHP)


Message History

The orc hits you but does no damage.
The orc hits you from afar with a +0 trident.
You hit the orc but do no damage.
The orc is lightly wounded.
The orc hits you but does no damage. The orc barely misses you.
You hit the orc.
The orc is moderately wounded.
The orc barely misses you. The orc hits you with a +0 hand axe.
You hit the orc but do no damage.
The orc is moderately wounded.
The orc closely misses you. The orc hits you with a +0 hand axe.
You barely miss the orc.
The orc is moderately wounded.
The orc barely misses you. The orc hits you but does no damage.
You hit the orc.
The orc is heavily wounded.
Jessica casts a spell.
Jessica seems to speed up.
The orc hits you from afar with a +0 trident.
The orc hits you but does no damage.
You hit the orc but do no damage.
The orc is heavily wounded.
The orc hits you but does no damage. x2
You hit the orc but do no damage.
The orc is heavily wounded.
The orc hits you with a +0 hand axe. The orc closely misses you.
You hit the orc but do no damage.
The orc is heavily wounded.
The orc hits you from afar with a +0 trident!
* * * LOW HITPOINT WARNING * * *
The orc hits you but does no damage.
You hit the orc but do no damage.
The orc is heavily wounded.
The orc hits you but does no damage. x2
You barely miss the orc.
The orc is heavily wounded.
The orc hits you from afar with a +0 trident.
* * * LOW HITPOINT WARNING * * *
The orc hits you with a +0 hand axe.
You die...

########
.......###########
######........)..#
........########.#
####.......... #.#
#.#.######. #.#
#.#.### #.#
#.....# #.#
###.....# #@#
##...†...# #o#
##.#.....# #o#
...#.....# #@#
####.#.#.# #.#
....>#.#.# ..#
######.# # .### #
#.....# o.
####.#.#.## #.


You could see Jessica (fast) and 2 orcs.

Vanquished Creatures
  An adder (D:2)
  A worm (D:2)
  2 dart slugs
  An orc (D:2)
  3 endoplasms
  2 goblins (D:1)
  5 hobgoblins
  2 jackals (D:1)
  A quokka (D:1)
  2 ball pythons
  4 bats (D:1)
  2 frilled lizards (D:1)
  A kobold (D:1)
  2 rats (D:1)
29 creatures vanquished.

Notes
Turn   | Place    | Note
-------+----------+-------------------------------------------
     0 | D:1      | jimonade the Djinni Warper began the quest for the Orb.
     0 | D:1      | jimonade set off with the following spells memorised:
                  | Blink, Lesser Beckoning, Vhi's Electric Charge, Teleport
                  | Other, Manifold Assault.
     0 | D:1      | Reached XP level 1. HP: 18/18 MP: 0/0
   171 | D:1      | Reached XP level 2. HP: 23/23 MP: 0/0
   694 | D:1      | Reached skill level 3 in Spellcasting
   694 | D:1      | Reached XP level 3. HP: 28/28 MP: 0/0
   694 | D:1      | Learned a level 1 spell: Kiss of Death
   707 | D:1      | Found a faded altar of an unknown god.
  1328 | D:2      | Noticed Jessica
  1331 | D:2      | Reached XP level 4. HP: 31/33 MP: 0/0
  1344 | D:2      | Slain by an orc

Illustrated notes

Levels and vault maps discovered:
D:1:      shiori_shiawase, layout_basic, shapermc_ecumenical_altar_pompeii
D:2:      layout_loops_ring, minmay_randomly_rotated_circles,
          uniq_crazy_yiuf_cottage, uniq_jessica

Skill      XL: |  1  2  3 |
---------------+----------+-----
Spellcasting   | 3 |  3.1
Polearms       | 2 |  2.4
Fighting       | |  2.0
Throwing       | |  0.7
Armour         | |  1.0
Dodging        | |  2.1

Action                     |  1- 3 |  4- 6 || total
---------------------------+-------+-------++-------
  Melee: Spear             |   133 |    14 ||   147
   Stab: Sleeping          |     1 |       ||     1
 Armour: Leather armour    |     8 |       ||     8
         Chain mail        |    46 |    11 ||    57
  Dodge: Dodged            |    33 |     5 ||    38

Table legend: (Time is in decaauts)
 A = Elapsed time spent in this place.
 B = Non-inter-level travel time spent in this place.
 C = Inter-level travel time spent in this place.
 D = Time resting spent in this place.
 E = Time spent auto-exploring this place.
 F = Levels seen in this place.
 G = Mean time per level.
                   A        B        C        D        E       F      G
               +--------+--------+--------+--------+--------+-----+--------+
         Total |   1344 |   1254 |     90 |      0 |    964 |   2 |  672.0 |
       Dungeon |   1344 |   1254 |     90 |      0 |    964 |   2 |  672.0 |
               +--------+--------+--------+--------+--------+-----+--------+

Top non-repeatable levels by time:
     D:1: 1133 daAuts
     D:2: 211 daAuts
